Map: 2000 атмосфер РВ

Players

ИИ 1 (эксперт)

  • Race: Protoss Protoss

Doll - Winner!

  • Race: Terran Terran

VOD

Have the link to the VOD?

Description

Time

  • Played on: July 16, 2021, 8:06 a.m.
  • Length: 12:18
Show
View Real Time Build Order
Export as new Build Order

ИИ 1 (эксперт) Protoss 

Build Orders: Mass Adepts, Zealot Archon 

Get SALT Encoding   

  12  0:00  Probe  
  13  0:13  Probe  
  14  0:19  Pylon  
  14  0:25  Probe  
  15  0:33  Probe  
  15  0:41  Probe  
  16  0:47  Assimilator  
  17  0:50  Gateway  
  17  0:51  Probe  
  18  1:00  Probe, Pylon  
  19  1:08  Probe  
  19  1:18  Probe  
  21  1:35  Gateway  
  21  1:37  Probe  
  21  1:38  Zealot  
  24  1:41  Cybernetics Core  
  24  1:48  Pylon  
  24  1:49  Probe  
  25  1:59  Probe  
  25  2:05  Zealot  
  25  2:08  Probe  
  29  2:19  Warp Gate  
  29  2:22  Adept  
  31  2:29  Gateway  
  31  2:32  Adept  
  31  2:36  Gateway  
  33  2:52  Stalker  
  33  2:56  Pylon  
  33  2:57  Probe  
  36  3:02  Stalker  
  36  3:03  Assimilator  
  38  3:06  Probe  
  39  3:15  Adept  
  41  3:21  Adept  
  41  3:23  Stalker  
  45  3:32  Stalker  
  47  3:37  Pylon  
  47  3:51  Stalker  
  47  3:55  Stalker  
  51  3:56  Stalker  
  53  4:10  Adept  
  53  4:13  Pylon  
  49  4:26  Adept  
  49  4:30  Zealot  
  53  4:32  Adept  
  53  4:34  Zealot  
  57  4:42  Adept  
  59  4:50  Adept  
  61  4:52  Adept  
  61  4:56  Pylon  
  63  5:14  Zealot x2, Adept  
  69  5:23  Robotics Facility  
  69  5:26  Adept  
  71  5:35  Pylon  
  71  5:48  Twilight Council  
  71  5:59  Pylon  
  71  6:27  Templar Archives  
  71  6:33  Nexus  
  71  7:01  Sentry  
  71  7:04  Forge  
  71  7:06  High Templar  
  71  7:07  High Templar  
  77  7:13  Archon  
  77  7:18  Forge  
  77  7:21  Pylon  
  77  7:31  High Templar  
  79  7:45  Probe x2  
  81  7:54  Assimilator  
  81  7:56  Assimilator  
  81  7:57  Probe  
  82  7:58  Probe, High Templar  
  85  8:09  Probe  
  85  8:10  Probe  
  85  8:12  Observer  
  88  8:21  Stalker, Probe  
  88  8:22  Probe, Archon  
  88  8:26  Nexus  
  92  8:30  Probe  
  92  8:34  Probe  
  93  8:35  Pylon  
  93  8:36  High Templar  
  93  8:39  Probe  
  96  8:43  Probe  
  98  8:51  Probe x2, High Templar  
  102  8:59  Sentry  
  102  9:02  Probe  
  104  9:03  Probe  
  104  9:08  Pylon  
  106  9:14  Probe  
  106  9:16  Probe  
  108  9:18  Psionic Storm  
  108  9:19  Zealot x2  
  108  9:23  Stalker  
  100  9:28  Stalker  
  102  9:37  Stalker  
  104  9:38  Zealot  
  104  9:39  Probe  
  104  9:41  Probe, Archon  
  108  9:45  Probe  
  108  9:47  Probe, High Templar  
  112  9:53  Probe  
  112  9:55  Probe  
  112  9:58  Probe  
  115  10:00  High Templar  
  115  10:03  Zealot  
  115  10:05  Probe x2  
  82  10:17  Probe x2  
  82  10:18  Archon  
  82  10:19  High Templar  
  83  10:28  High Templar  
  83  10:31  Probe  
  83  10:33  Stalker, Zealot, Probe  
  90  10:43  Archon  
  66  10:57  High Templar  
  35  11:22  Nexus  
  35  11:31  High Templar  
  36  11:38  Archon  
  33  11:49  Zealot, Probe  
Show
View Real Time Build Order
Export as new Build Order

Doll Terran - Winner!

Build Orders:  

Get SALT Encoding   

  12  0:00  SCV  
  13  0:12  SCV  
  14  0:21  Supply Depot  
  14  0:25  SCV  
  15  0:33  Refinery  
  15  0:44  Barracks, SCV  
  16  0:57  SCV  
  17  1:05  Barracks  
  17  1:09  SCV  
  18  1:22  SCV  
  18  1:23  Supply Depot  
  19  1:31  Marine  
  20  1:35  SCV  
  21  1:47  Barracks  
  21  1:48  SCV  
  21  1:50  Barracks Tech Lab  
  21  1:53  Marine  
  23  2:02  SCV  
  23  2:03  Refinery  
  24  2:09  Marauder  
  24  2:15  Stimpack  
  26  2:18  Marine  
  27  2:27  Supply Depot  
  27  2:32  Marauder  
  27  2:36  Reaper  
  30  2:39  SCV  
  31  2:49  Reaper  
  32  2:52  Supply Depot  
  32  2:54  Reaper  
  32  2:58  SCV  
  34  3:08  Marine  
  34  3:10  Orbital Command  
  35  3:22  Barracks Tech Lab  
  35  3:27  Barracks Tech Lab  
  35  3:42  Command Center  
  35  3:44  SCV  
  35  3:48  Combat Shield  
  36  3:51  Concussive Shells  
  36  3:56  SCV  
  37  4:04  Factory  
  34  4:12  Marauder  
  34  4:13  Marauder  
  34  4:14  Marine  
  34  4:16  SCV  
  32  4:30  Supply Depot, SCV  
  33  4:35  Marine, Factory  
  33  4:37  Marine  
  35  4:39  Marine  
  35  4:43  SCV  
  37  4:48  Factory Tech Lab  
  37  4:56  Starport  
  37  4:57  SCV  
  38  5:01  Marauder  
  38  5:03  SCV  
  41  5:12  Siege Tank  
  44  5:15  SCV  
  45  5:21  SCV  
  45  5:23  Bunker  
  45  5:27  Marine  
  47  5:29  SCV  
  47  5:33  Orbital Command  
  47  5:35  Medivac  
  50  5:36  Factory Tech Lab  
  50  5:40  Marauder  
  50  5:42  SCV  
  53  5:44  Marine  
  54  5:50  Siege Tank  
  54  5:52  Marine  
  58  5:58  SCV  
  58  6:01  SCV  
  58  6:02  Marauder  
  62  6:16  Marauder  
  62  6:18  Starport Tech Lab  
  64  6:20  Marine  
  64  6:21  SCV  
  64  6:23  SCV  
  64  6:25  Command Center  
  67  6:27  Siege Tank  
  67  6:30  Supply Depot  
  70  6:34  Supply Depot  
  70  6:39  Refinery  
  70  6:41  Refinery  
  70  6:49  Supply Depot  
  70  6:52  Siege Tank  
  73  6:54  SCV  
  73  6:55  SCV  
  73  6:57  Marine x2  
  73  6:58  Marine  
  78  7:09  Barracks, Siege Tank  
  78  7:10  SCV x2  
  78  7:13  Supply Depot  
  83  7:17  Engineering Bay  
  83  7:21  Engineering Bay  
  83  7:25  Siege Tank  
  83  7:28  SCV x2  
  88  7:32  Marine  
  89  7:38  SCV  
  89  7:41  Siege Tank  
  89  7:43  Medivac  
  95  7:45  SCV x2  
  95  7:46  Marine  
  95  7:48  Marine  
  99  7:52  Marauder  
  99  7:57  Siege Tank  
  99  7:58  Barracks Tech Lab  
  104  8:02  Supply Depot  
  104  8:03  SCV  
  104  8:04  SCV x2  
  107  8:12  Marine  
  108  8:14  Barracks, Siege Tank  
  108  8:17  Medivac  
  113  8:20  SCV x2  
  113  8:21  SCV  
  113  8:24  Refinery  
  113  8:25  Refinery  
  113  8:26  Ghost Academy  
  116  8:31  Terran Infantry Weapons Level 1  
  116  8:32  Marine x3  
  116  8:33  Marine  
  120  8:36  Hellion  
  120  8:37  SCV  
  120  8:38  SCV  
  120  8:39  SCV  
  125  8:44  Supply Depot  
  125  8:48  Supply Depot  
  125  8:49  Supply Depot  
  125  9:02  Starport  
  125  9:06  Terran Infantry Armor Level 1, Armory  
  125  9:07  SCV  
  125  9:08  Starport, SCV  
  125  9:09  SCV  
  128  9:11  Barracks Tech Lab  
  128  9:12  Marine  
  128  9:13  Marine  
  128  9:15  Marine  
  131  9:17  Marine  
  132  9:29  Orbital Command  
Tags
 
Add a new tag
Caveats
  • Supply blocks, unpowered buildings, or Contaminate may cause inaccurate times.
  • Supply counts are checked every 10 seconds.